 Dungeon Crawl Stone Soup version 0.25.1-2-g60ff931df9 (webtiles) character file.

Game seed: 1456787209943965792

239752 Elvor the Bludgeoner (level 19, -1/190 HPs)
             Began as a Gargoyle Fighter on Sept 18, 2020.
             Was a High Priest of Okawaru.
             Slain by a merfolk
             ... wielding a +0 trident
              (3 damage)
             ... on level 4 of the Shoals on Sept 20, 2020.
             The game lasted 05:55:36 (37530 turns).

Elvor the Bludgeoner (Gargoyle Fighter)            Turns: 37530, Time: 05:55:36

Health: -1/190     AC: 32    Str: 29    XL:     19   Next: 76%
Magic:  0/22       EV:  2    Int: 11    God:    Okawaru [*****.]
Gold:   2419       SH:  0    Dex: 10    Spells: 14/18 levels left

rFire    + . .     SeeInvis +   a - +6 flail "Daos" {freeze, rF+}
rCold    . . .     Gourm    .   Y - +1 kite shield {AC+3}
rNeg     + + +     Faith    .   (armour currently unavailable)
rPois    ∞         Spirit   +   (helmet currently unavailable)
rElec    .         Reflect  .   (cloak currently unavailable)
rCorr    .         Harm     .   (gloves currently unavailable)
MR       +....     NoTele   +   (boots currently unavailable)
Stlth    +.........             Z - amulet of guardian spirit
HPRegen  0.41/turn              X - ring of Touhekh {EV+4 Int+2}
MPRegen  0.18/turn              A - ring of Midnight {Str+2 SInv}

@: confused, tree-form, heroism, finesse, mesmerised, very slow
A: negative energy resistance 1, petrification resistance, rot immunity, AC +14
}: 1/15 runes: serpentine
a: Heroism, Finesse, Renounce Religion


You were on level 4 of the Shoals.
You worshipped Okawaru.
Okawaru was extremely pleased with you.
You were not hungry.
You were a tree.
You visited 6 branches of the dungeon, and saw 32 of its levels.
You also visited: Gauntlet and Ice Cave.

You collected 3668 gold pieces.
You spent 1249 gold pieces at shops.

Inventory:

Hand Weapons
 a - the +6 flail "Daos" (weapon) {freeze, rF+}
   (Okawaru gifted it to you on level 1 of the Orcish Mines)

   It has been specially enchanted to freeze those struck by it, causing extra
   injury to most foes and up to half again as much damage against particularly
   susceptible opponents.
   It can also slow down cold-blooded creatures.
   It protects you from fire.
 j - the +7 flail of the Poles {vorpal, Stlth+}
   (You found it on level 1 of the Snake Pit)

   It inflicts extra damage upon your enemies.
   It makes you more stealthy.
 o - a +1 demon trident of draining
 p - a +2 vorpal double sword
 Q - a +2 vampiric scimitar
Missiles
 k - 80 boomerangs (quivered)
 E - 8 silver boomerangs
 I - a boomerang of dispersal
 N - 23 javelins
Armour
 b - the +7 Kryia's mail coat (melded) {PotionHeal*2 rC+}
   (Okawaru gifted it to you on level 12 of the Dungeon)

   It protects you from cold.
 c - a scarf of harm
 l - a scarf of resistance (melded)
 w - a +0 pair of gloves (melded)
 B - the -2 hat of the Alchemist {rElec rPois rF+ rC+ rN+ MR+ rMut rCorr}
   (You found it in a Gauntlet)

   It protects you from fire.
   It protects you from cold.
   It insulates you from electricity.
   It protects you from poison.
   It protects you from negative energy.
   It affects your resistance to hostile enchantments.
   It provides partial protection from all sources of acid and corrosion.
   It protects you from mutation.
 D - a +0 crystal plate armour
 W - a +0 helmet (melded)
 Y - a +1 kite shield of protection (worn)
Jewellery
 A - the ring of Midnight (right branch) {Str+2 SInv}
   (You found it in a Gauntlet)

   [ring of see invisible]

   It affects your strength (+2).
   It lets you see invisible.
 X - the ring of Touhekh (left branch) {EV+4 Int+2}
   (You found it on level 3 of the Lair of Beasts)

   [ring of evasion]

   It affects your evasion (+4).
   It affects your intelligence (+2).
 Z - an amulet of guardian spirit (around neck)
Wands
 h - a wand of digging (15)
 u - a wand of acid (16)
 y - a wand of flame (164)
 F - a wand of polymorph (9)
 P - a wand of disintegration (9)
 S - a wand of enslavement (5)
 V - a wand of paralysis (9)
Scrolls
 e - 12 scrolls of remove curse
 g - 2 scrolls of enchant weapon
 m - a scroll of silence
 n - a scroll of summoning
 q - 6 scrolls of immolation
 s - 13 scrolls of teleportation
 t - 8 scrolls of magic mapping
 G - a scroll of holy word
 L - 5 scrolls of fog
 M - 8 scrolls of identify
 O - a scroll of amnesia
 T - 4 scrolls of fear
 U - a scroll of blinking
Potions
 d - 3 potions of might
 i - 18 potions of curing
 r - 4 potions of invisibility
 v - a potion of ambrosia
 x - 4 potions of cancellation
 z - 6 potions of lignification
 C - 4 potions of haste
 H - a potion of stabbing
 J - 4 potions of resistance
 K - 6 potions of berserk rage
 R - 3 potions of brilliance
Comestibles
 f - 37 rations


   Skills:
 * Level 16.7(21.7) Fighting
 + Level 1.0(6.0) Long Blades
 + Level 17.8(22.8) Maces & Flails
 + Level 11.8(16.8) Throwing
 + Level 10.8(15.8) Armour
 + Level 8.3(13.3) Dodging
 - Level 1.1(6.1) Stealth
 + Level 16.8(21.8) Shields
 + Level 5.2 Invocations


You had 14 spell levels left.
You knew the following spells:

 Your Spells              Type           Power        Failure   Level  Hunger
a - Passwall              Tmut/Erth      #.......     47%         2    ###....
b - Blink                 Tloc           N/A          47%         2    ###....

Your spell library contained the following spells:

 Spells                   Type           Power        Failure   Level  Hunger
 Corona                   Hex            #......      34%         1    ##.....
 Freeze                   Ice            #...         34%         1    ##.....
 Magic Dart               Conj           #...         34%         1    ##.....
 Sandblast                Erth           #.....       34%         1    ##.....
 Call Imp                 Summ           #.......     47%         2    ###....
 Searing Ray              Conj           #.....       47%         2    ###....
 Slow                     Hex            #.......     47%         2    ###....
 Sticks to Snakes         Tmut           #.......     47%         2    ###....
 Confusing Touch          Hex            #.......     71%         3    ####...
 Conjure Flame            Conj/Fire      #.......     71%         3    ####...
 Dazzling Flash           Conj/Hex       #.....       71%         3    ####...
 Frozen Ramparts          Ice            #.....       71%         3    ####...
 Gell's Gravitas          Tloc           #.........   71%         3    ####...
 Inner Flame              Hex/Fire       #.......     71%         3    ####...
 Mephitic Cloud           Conj/Pois/Air  #.......     71%         3    ####...
 Ozocubu's Armour         Chrm/Ice       #.......     71%         3    ####...
 Portal Projectile        Hex/Tloc       #.....       71%         3    ####...
 Recall                   Summ/Tloc      N/A          71%         3    ####...
 Spider Form              Tmut/Pois      #.........   71%         3    ####...
 Stone Arrow              Conj/Erth      #.....       71%         3    ####...
 Animate Dead             Necr           N/A          98%         4    #####..
 Cause Fear               Hex            #.........   98%         4    #####..
 Fulminant Prism          Conj/Hex       #.........   98%         4    #####..
 Hailstorm                Conj/Ice       #.......     98%         4    #####..
 Iskenderun's Mystic Bla  Conj/Tloc      #.......     98%         4    #####..
 Leda's Liquefaction      Hex/Erth       #.........   98%         4    #####..
 Petrify                  Tmut/Erth      #.......     98%         4    #####..
 Summon Ice Beast         Ice/Summ       #.......     98%         4    #####..
 Aura of Abjuration       Summ           #.........   100%        5    ######.
 Borgnjor's Vile Clutch   Necr/Erth      #.........   100%        5    ######.
 Lee's Rapid Deconstruct  Erth           #.........   100%        5    ######.
 Metabolic Englaciation   Hex/Ice        #.........   100%        5    ######.
 Summon Demon             Summ           #.........   100%        5    ######.
 Summon Forest            Summ/Tloc      #.........   100%        5    ######.
 Summon Mana Viper        Hex/Summ       #.......     100%        5    ######.
 Yara's Violent Unravell  Hex/Tmut       #.........   100%        5    ######.
 Death Channel            Necr           #.........   100%        6    #######
 Shadow Creatures         Summ           N/A          100%        6    #######
 Simulacrum               Ice/Necr       #.........   100%        6    #######
 Statue Form              Tmut/Erth      Unusable     N/A         6    N/A

Dungeon Overview and Level Annotations

Branches:
Dungeon (15/15)            Temple (1/1) D:4            Lair (6/6) D:8
 Shoals (4/4) Lair:4        Snake (4/4) Lair:2        Slime (0/5) Lair:5
    Orc (2/2) D:9             Elf (0/3) Orc:2        Vaults (0/5) D:13
 Depths (0/5) D:15          IceCv (visited)         Gauntlet (visited)

Altars:
Ashenzari
Cheibriados
Dithmenos
Elyvilon
Fedhas
Gozag
Hepliaklqana
Kikubaaqudgha
Makhleb
Nemelex Xobeh
Okawaru
Qazlal
Ru
Sif Muna
Trog
Uskayaw
Vehumet
Wu Jian
Xom
Yredelemnul
Zin
The Shining One
Beogh
Jiyva

Shops:
D:6 (   D:14 *   Orc:1 :   Orc:2 ?}[?!   Snake:1 (*(


Innate Abilities, Weirdness & Mutations

You are resistant to torment.
((Your stone body is resilient. (AC +14)))
You are immune to poison.
((Your large and strong wings let you fly indefinitely.))
You resist negative energy. (rN+)
((You are resistant to electric shocks. (rElec)))
((You can survive without breathing.))
You are immune to petrification.
You are immune to rotting.


Message History

Aim: a merfolk, wielding a +0 trident and quivering 2 throwing nets (water, heavily wounded)
You throw a boomerang.
Throwing (i - inventory. (/) - cycle)
k - 80 boomerangs (quivered)
Press: ? - help, Shift-Dir - straight line, f/p - merfolk
Aim: a merfolk, wielding a +0 trident and quivering 2 throwing nets (water, heavily wounded)
You throw a boomerang.
The merfolk siren chants its luring song.
Throwing (i - inventory. (/) - cycle)
k - 80 boomerangs (quivered)
Press: ? - help, Shift-Dir - straight line, f/p - merfolk
Aim: a merfolk, wielding a +0 trident and quivering 2 throwing nets (water, heavily wounded)
You throw a boomerang.
The merfolk hits you but does no damage.
Throwing (i - inventory. (/) - cycle)
k - 80 boomerangs (quivered)
Press: ? - help, Shift-Dir - straight line, f/p - merfolk
Aim: a merfolk, wielding a +0 trident and quivering 2 throwing nets (water, heavily wounded)
You throw a boomerang.
The alligator snapping turtle bites you from afar!!
* * * LOW HITPOINT WARNING * * *
The merfolk hits you from afar with a +0 trident.
You die...

.≈.....≈≈≈≈≈≈≈≈≈≈≈≈≈≈
........≈≈≈≈≈≈≈≈≈≈≈≈≈≈≈≈
.......≈≈≈≈≈≈≈≈≈≈≈≈≈≈≈≈≈
...≈≈≈≈≈≈≈≈≈≈≈≈≈≈≈≈≈≈≈≈≈
≈...≈≈≈≈≈)≈≈≈≈..≈≈≈≈≈≈≈≈
≈≈..≈≈≈)≈≈≈≈≈≈..≈≈≈≈≈≈≈≈
≈≈≈≈≈≈≈≈≈≈≈≈≈≈≈≈)≈m≈≈≈≈≈
....^.≈≈≈≈≈≈≈≈≈≈≈≈m≈≈≈≈.
....≈≈≈≈≈≈≈≈≈≈≈≈♣≈m≈≈...
...)≈≈≈≈≈≈≈≈≈≈≈)%.t.....
###.))≈≈≈≈≈≈≈≈≈.....≈...
###%)≈≈≈≈≈≈≈≈≈≈.........
.<(<≈≈≈≈≈≈≈≈≈≈≈≈........
..≈)≈≈≈≈≈≈≈≈≈≈≈≈........
≈≈≈≈≈≈≈≈≈≈≈≈≈≈≈≈........
≈≈≈≈≈≈≈≈≈≈≈≈≈≈≈≈≈≈......
≈≈≈≈≈≈≈≈≈≈≈≈≈≈≈


You could see an alligator snapping turtle, 2 merfolk and a merfolk siren
(mesmerising).

Vanquished Creatures
  Mara (Shoals:3)
  Vashnia (Snake:4)
  Saint Roka (Snake:4)
  Jorgrun (Orc:2)
  A kraken (Shoals:2)
  Polyphemus (Shoals:2)
  Roxanne (Snake:1)
  Donald (Shoals:1)
  8 nagarajas
  An orc warlord (D:9)
  Aizul (Shoals:3)
  A stone giant (Orc:2)
  A minotaur (Gauntlet)
  A dire elephant (Lair:6)
  Snorg (Orc:2)
  2 merfolk javelineers
  5 merfolk impalers
  2 ice dragons (IceCv)
  A great orb of eyes (Gauntlet)
  Josephine (D:12)
  Harold (Orc:1)
  12 hydras
  Fannar (Lair:2)
  2 catoblepae
  17 naga warriors
  A merfolk aquamancer (Shoals:4)
  9 anacondas
  A merfolk avatar (Lair:6)
  3 centaur warriors
  An alligator snapping turtle (Shoals:2)
  A satyr (Shoals:3)
  7 two-headed ogres
  3 ogre magi
  2 tengu warriors
  4 death yaks
  2 orc high priests (Orc:1)
  19 naga sharpshooters
  Nergalle (D:12)
  7 shock serpents
  5 skeletal warriors (D:15)
  A fire crab (Gauntlet)
  3 unseen horrors
  6 sea snakes
  A lindwurm (Lair:6)
  2 orc knights (Orc:1)
  8 harpies
  5 naga ritualists
  13 orc sorcerers
  A necromancer (D:15)
  A frost giant zombie (D:15)
  A phantasmal warrior (D:15)
  3 cyclopes
  4 mana vipers
  2 deep elf magi
  7 fauns
  12 ugly things
  3 salamanders
  9 merfolk sirens
  16 manticores
  13 elephants
  A torpor snail (Lair:4)
  Maurice (Orc:2)
  A guardian serpent (Snake:1)
  2 ice statues (IceCv)
  22 black mambas
  33 naga magi
  8 spiny frogs
  3 water nymphs
  A gargoyle (D:14)
  10 rime drakes
  9 komodo dragons
  2 ice devils (Orc:2)
  2 efreet
  A guardian mummy (D:15)
  A spriggan skeleton (D:15)
  A tengu conjurer (D:13)
  3 wind drakes
  A polar bear (Lair:3)
  34 merfolk
  8 trolls
  3 hornets (Lair:6)
  A spriggan zombie (D:15)
  10 dream sheep
  12 hippogriffs
  A hippogriff (shapeshifter) (D:14)
  5 blink frogs
  7 snapping turtles
  2 meliai zombies
  A vampire (D:15)
  2 large abominations (Gauntlet)
  2 spriggans (Lair:3)
  A centaur simulacrum (D:15)
  17 yaks
  5 water elementals
  6 wraiths (D:12)
  4 fire bats (Gauntlet)
  6 wyverns
  3 basilisks
  3 hungry ghosts
  A human (D:8)
  4 hogs (D:8)
  7 wargs
  32 nagas
  3 soldier ants
  An acid dragon (D:12)
  10 water moccasins
  11 porcupines
  A tengu skeleton (D:15)
  18 ice beasts
  41 orc warriors
  8 sky beasts
  3 black bears
  A hornet zombie (D:7)
  2 phantoms
  A necrophage (D:9)
  26 wolves
  16 ogres
  21 centaurs
  14 crocodiles
  4 big kobolds
  17 bullfrogs
  A gnoll sergeant (D:11)
  3 small abominations (Gauntlet)
  3 scorpions
  A wyvern skeleton (D:14)
  A killer bee (D:11)
  3 electric eels
  3 howler monkeys
  3 centaur zombies
  8 crimson imps
  7 hounds
  3 jellies
  31 orc priests
  2 bullfrog zombies
  37 orc wizards
  2 bullfrog skeletons (D:7)
  7 centaur skeletons
  5 iguanas
  Terence (D:3)
  12 worker ants
  A killer bee zombie (D:8)
  A hound skeleton (D:11)
  2 worker ant zombies
  A river rat (D:3)
  10 adders
  4 gnolls
  5 shadow imps
  A howler monkey simulacrum (D:11)
  3 oozes
  2 adder skeletons
  3 adder zombies
  2 worms
  3 leopard geckos
  96 orcs
  6 bats
  6 giant cockroaches
  10 goblins
  9 hobgoblins
  8 jackals
  7 quokkas
  2 ball pythons
  5 frilled lizards
  A jackal zombie (D:7)
  28 kobolds
  2 leopard gecko zombies
  15 rats
  A spectral orc (D:5)
  A bush (D:12)
  A fungus (Lair:6)
  A plant (Shoals:1)
  3 tentacles (Shoals:2)
1093 creatures vanquished.

Vanquished Creatures (others)
  An unseen horror (D:10)
  2 orc warriors
  A bullfrog (D:10)
  2 jellies (D:10)
  A bullfrog skeleton (D:10)
  An orc wizard (D:10)
  An iguana (D:10)
  An orc (D:10)
  14 demonic plants (Gauntlet)
  4 fungi
  5 plants
  5 tentacles (Shoals:2)
38 creatures vanquished.

Grand Total: 1131 creatures vanquished

Notes
Turn   | Place    | Note
-------+----------+-------------------------------------------
     0 | D:1      | Elvor the Gargoyle Fighter began the quest for the Orb.
     0 | D:1      | Reached XP level 1. HP: 14/14 MP: 1/1
   230 | D:1      | Reached XP level 2. HP: 14/19 MP: 2/2
   418 | D:1      | Reached XP level 3. HP: 23/23 MP: 3/3
  1028 | D:2      | Reached XP level 4. HP: 29/29 MP: 4/4
  1547 | D:3      | Reached skill level 3 in Maces & Flails
  1811 | D:3      | Noticed Terence
  2136 | D:3      | Killed Terence
  2136 | D:3      | Reached XP level 5. HP: 20/33 MP: 5/5
  2551 | D:3      | Found an opulent altar of Gozag.
  2918 | D:3      | You fall into a shaft and drop 1 floor!
  2975 | D:3      | Found a glowing silver altar of Zin.
  2975 | D:3      | Found a glowing golden altar of the Shining One.
  3282 | D:4      | Noticed a phantom
  3382 | D:3      | Reached XP level 6. HP: 37/38 MP: 6/6
  3430 | D:3      | Killed a phantom
  3430 | D:3      | Reached skill level 5 in Shields
  3597 | D:4      | Reached skill level 4 in Maces & Flails
  3693 | D:4      | Found a staircase to the Ecumenical Temple.
  3702 | Temple   | Entered the Ecumenical Temple
  3900 | Temple   | Became a worshipper of Warmaster Okawaru
  4224 | D:5      | Entered Level 5 of the Dungeon
  4233 | D:5      | Reached skill level 1 in Throwing
  4233 | D:5      | Reached XP level 7. HP: 25/42 MP: 7/7
  4537 | D:5      | Reached skill level 5 in Maces & Flails
  4710 | D:5      | Reached * piety under Okawaru
  4726 | D:5      | Found a basalt altar of Yredelemnul.
  4801 | D:5      | Reached skill level 6 in Maces & Flails
  4801 | D:5      | Reached skill level 5 in Armour
  4801 | D:5      | Reached XP level 8. HP: 48/48 MP: 8/8
  5257 | D:6      | Reached skill level 7 in Maces & Flails
  5287 | D:6      | Reached ** piety under Okawaru
  5396 | D:6      | Found Cinoreqi's Weapon Boutique.
  5440 | D:6      | Noticed a troll
  5449 | D:6      | Killed a troll
  5449 | D:6      | Reached skill level 5 in Fighting
  5449 | D:6      | Reached skill level 8 in Maces & Flails
  5449 | D:6      | Reached XP level 9. HP: 34/54 MP: 9/9
  5557 | D:6      | Found a snail-covered altar of Cheibriados.
  5728 | D:6      | Found a sparkling altar of Nemelex Xobeh.
  6015 | D:7      | Reached skill level 9 in Maces & Flails
  6686 | D:7      | Reached *** piety under Okawaru
  7014 | D:8      | Noticed a purple ugly thing
  7022 | D:7      | Reached skill level 10 in Maces & Flails
  7037 | D:8      | Killed a purple ugly thing
  7153 | D:8      | Found a staircase to the Lair.
  7371 | D:8      | Reached XP level 10. HP: 53/59 MP: 10/10
  7417 | D:8      | Reached **** piety under Okawaru
  7427 | D:8      | Reached skill level 11 in Maces & Flails
  7496 | D:8      | Found a sacrificial altar of Ru.
  7526 | D:8      | Noticed a two-headed ogre
  7537 | D:8      | Killed a two-headed ogre
  7625 | D:8      | Noticed an eight-headed hydra
  7635 | D:8      | Killed an eight-headed hydra
  7635 | D:8      | Reached ***** piety under Okawaru
  7710 | D:8      | Reached skill level 12 in Maces & Flails
  7819 | D:8      | Received a gift from Okawaru
  7925 | D:8      | Found a stormy altar of Qazlal.
  8151 | D:8      | Reached XP level 11. HP: 64/64 MP: 11/11
  8245 | D:8      | Found a shadowy altar of Dithmenos.
  8322 | D:9      | Received a gift from Okawaru
  8641 | D:9      | Found a blossoming altar of Fedhas.
  8727 | D:9      | Found a staircase to the Orcish Mines.
  8980 | D:10     | Entered Level 10 of the Dungeon
  8982 | D:10     | Reached skill level 13 in Maces & Flails
  9006 | D:10     | Killed an unseen horror
  9152 | D:10     | Found a shimmering altar of Xom.
  9679 | D:11     | Noticed a manticore
  9688 | D:11     | Killed a manticore
  9710 | D:11     | Noticed a five-headed hydra
  9719 | D:11     | Killed a five-headed hydra
 10100 | D:11     | Learned a level 2 spell: Passwall
 10256 | D:11     | Noticed a purple ugly thing
 10262 | D:11     | Noticed a manticore
 10284 | D:11     | Killed a purple ugly thing
 10289 | D:11     | Killed a manticore
 10289 | D:11     | Reached skill level 14 in Maces & Flails
 10495 | D:11     | Noticed a white ugly thing
 10498 | D:11     | Noticed an eight-headed hydra
 10508 | D:11     | Killed a white ugly thing
 10508 | D:11     | Received a gift from Okawaru
 10508 | D:11     | Reached XP level 12. HP: 30/72 MP: 9/12
 10518 | D:11     | Killed an eight-headed hydra
 10524 | D:11     | Received a gift from Okawaru
 10827 | D:11     | Reached skill level 1 in Invocations
 10858 | D:11     | Noticed a two-headed ogre
 10868 | D:11     | Killed a two-headed ogre
 11727 | D:11     | Got an ancient hunting sling
 11728 | D:11     | Identified the +7 hunting sling of Valuable Assets {vorpal,
                  | MR+ Stlth+} (You found it on level 11 of the Dungeon)
 11888 | Lair:1   | Entered Level 1 of the Lair of Beasts
 11974 | Lair:1   | Received a gift from Okawaru
 12642 | Lair:2   | Reached skill level 5 in Throwing
 12653 | Lair:2   | Reached skill level 1 in Stealth
 12667 | Lair:2   | Reached skill level 15 in Maces & Flails
 12770 | Lair:2   | Found a staircase to the Snake Pit.
 12831 | Lair:2   | Reached skill level 1 in Dodging
 12868 | Lair:2   | Noticed a five-headed hydra
 12884 | Lair:2   | Killed a five-headed hydra
 12922 | Lair:2   | Noticed Fannar
 12953 | Lair:2   | Killed Fannar
 13089 | Lair:2   | Noticed a seven-headed hydra
 13105 | Lair:2   | Killed a seven-headed hydra
 13571 | Lair:2   | Reached XP level 13. HP: 79/79 MP: 14/14
 13883 | Lair:2   | Received a gift from Okawaru
 14004 | Lair:3   | Reached skill level 10 in Shields
 14238 | Lair:3   | Got a clouded iron ring
 14240 | Lair:3   | Identified the ring of Touhekh {EV+4 Int+2} (You found it
                  | on level 3 of the Lair of Beasts)
 14959 | Lair:4   | Reached ****** piety under Okawaru
 15009 | Lair:4   | Received a gift from Okawaru
 15009 | Lair:4   | Reached skill level 16 in Maces & Flails
 15580 | Lair:4   | Found a staircase to the Shoals.
 15754 | Lair:4   | Reached skill level 10 in Fighting
 16120 | Lair:5   | Found a viscous altar of Jiyva.
 16121 | Lair:5   | Found a staircase to the Slime Pits.
 16364 | Lair:5   | Received a gift from Okawaru
 16364 | Lair:5   | Gained mutation: Your large and strong wings let you fly
                  | indefinitely. [Gargoyle growth]
 16364 | Lair:5   | Reached XP level 14. HP: 77/88 MP: 15/15
 16920 | Lair:6   | Entered Level 6 of the Lair of Beasts
 17443 | Lair:6   | Noticed a dire elephant
 17471 | Lair:6   | Killed a dire elephant
 18306 | Orc:1    | Entered Level 1 of the Orcish Mines
 18360 | Orc:1    | Noticed an orc warlord
 18397 | D:9      | Killed an orc warlord
 18397 | D:9      | Received a gift from Okawaru
 18548 | Orc:2    | Entered Level 2 of the Orcish Mines
 18552 | Orc:2    | Found Kuddalon's Magic Scroll Emporium.
 18562 | Orc:2    | Noticed a stone giant
 18576 | Orc:2    | Killed a stone giant
 18584 | Orc:2    | Received a gift from Okawaru
 18612 | Orc:2    | Found a frozen archway.
 18637 | IceCv    | Entered an ice cave
 19484 | Orc:2    | Reached XP level 15. HP: 92/96 MP: 17/17
 19681 | Orc:1    | Noticed Harold
 19702 | Orc:1    | Killed Harold
 19702 | Orc:1    | Received a gift from Okawaru
 20032 | Orc:1    | Received a gift from Okawaru
 20040 | Orc:1    | Got a shimmering flail {god gift}
 20066 | Orc:1    | Identified the +6 flail "Daos" {freeze, rF+} (Okawaru
                  | gifted it to you on level 1 of the Orcish Mines)
 20102 | Orc:1    | Found Caecet's Book Shop.
 20270 | Orc:1    | Found a roughly hewn altar of Beogh.
 20330 | Orc:2    | Found a staircase to the Elven Halls.
 20925 | Orc:2    | Noticed Maurice
 20932 | Orc:2    | Killed Maurice
 21007 | Orc:2    | Noticed Snorg
 21026 | Orc:2    | Killed Snorg
 21221 | Orc:2    | Received a gift from Okawaru
 21401 | Orc:2    | Found Neuffaoth's Distillery.
 21578 | Orc:2    | Found a radiant altar of Vehumet.
 21578 | Orc:2    | Noticed Jorgrun
 21617 | Orc:2    | Killed Jorgrun
 21667 | Orc:2    | Found Ytefar's Antique Armour Boutique.
 21692 | Orc:2    | Received a gift from Okawaru
 21695 | Orc:2    | Found an ancient bone altar of Kikubaaqudgha.
 21831 | Orc:2    | Found a roughly hewn altar of Beogh.
 21834 | Orc:2    | Found Vewkotau's Gadget Boutique.
 21842 | Orc:2    | Found Voashrun's Magic Scroll Shop.
 21869 | Orc:2    | Bought a scroll of fog for 24 gold pieces
 21869 | Orc:2    | Bought a scroll of identify for 24 gold pieces
 21869 | Orc:2    | Bought a scroll of identify for 24 gold pieces
 21869 | Orc:2    | Bought a scroll of identify for 24 gold pieces
 21869 | Orc:2    | Bought a scroll of identify for 24 gold pieces
 21869 | Orc:2    | Bought a scroll of identify for 24 gold pieces
 21869 | Orc:2    | Bought a scroll of identify for 24 gold pieces
 21869 | Orc:2    | Bought a scroll of torment for 90 gold pieces
 21918 | Orc:2    | Bought a potion of curing for 33 gold pieces
 21918 | Orc:2    | Bought a potion of curing for 33 gold pieces
 21918 | Orc:2    | Bought a potion of invisibility for 88 gold pieces
 21918 | Orc:2    | Bought a potion of brilliance for 44 gold pieces
 21918 | Orc:2    | Bought a potion of invisibility for 88 gold pieces
 21918 | Orc:2    | Bought a potion of curing for 33 gold pieces
 21918 | Orc:2    | Bought a potion of curing for 33 gold pieces
 21918 | Orc:2    | Bought a potion of curing for 33 gold pieces
 21918 | Orc:2    | Bought a potion of haste for 110 gold pieces
 21918 | Orc:2    | Bought a potion of curing for 33 gold pieces
 22010 | Orc:2    | Bought a scroll of teleportation for 39 gold pieces
 22010 | Orc:2    | Bought a scroll of identify for 26 gold pieces
 22010 | Orc:2    | Bought a scroll of identify for 26 gold pieces
 22010 | Orc:2    | Bought a scroll of identify for 26 gold pieces
 22010 | Orc:2    | Bought 3 scrolls of enchant armour for 292 gold pieces
 22139 | D:9      | Reached XP level 16. HP: 103/103 MP: 18/18
 22324 | D:12     | Found an iron altar of Okawaru.
 22391 | D:12     | Received a gift from Okawaru
 22392 | D:12     | Found the +7 Kryia's mail coat {PotionHeal*2 rC+}
 22496 | D:12     | Found a blossoming altar of Fedhas.
 22589 | D:12     | Noticed Nergalle
 22600 | D:12     | Killed Nergalle
 22632 | D:12     | Noticed Josephine
 22643 | D:12     | Killed Josephine
 23802 | D:13     | Found an opulent altar of Gozag.
 23974 | D:13     | Found a gate to the Vaults.
 24247 | D:14     | Found a roughly hewn altar of Beogh.
 24612 | D:14     | Found an opulent altar of Gozag.
 24612 | D:14     | Found Gozag's Platinum Reserve.
 24635 | D:14     | Reached XP level 17. HP: 109/109 MP: 19/19
 24772 | D:15     | Entered Level 15 of the Dungeon
 24779 | D:15     | Found a gate leading to a gauntlet.
 24791 | Gauntlet | Entered a Gauntlet
 24791 | Gauntlet | Found a transporter.
 24791 | Gauntlet | Found a transporter.
 24795 | Gauntlet | Found a transporter.
 24795 | Gauntlet | Found a transporter.
 24805 | Gauntlet | Found a transporter.
 24824 | Gauntlet | Found a transporter.
 24834 | Gauntlet | Found the -2 hat of the Alchemist {rElec rPois rF+ rC+ rN+
                  | MR+ rMut rCorr}
 24834 | Gauntlet | Found a transporter.
 24835 | Gauntlet | Found a transporter.
 24835 | Gauntlet | Found a transporter.
 24880 | Gauntlet | Found a transporter.
 24898 | Gauntlet | Found a transporter.
 24944 | Gauntlet | Found a transporter.
 24960 | Gauntlet | Found a transporter.
 24972 | Gauntlet | Found a transporter.
 25064 | Gauntlet | Found a transporter.
 25082 | Gauntlet | Found a transporter.
 25332 | Gauntlet | Got a translucent platinum ring
 25338 | Gauntlet | Identified the ring of Midnight {Str+2 SInv} (You found it
                  | in a Gauntlet)
 25365 | Gauntlet | Paralysed by a great orb of eyes for 3 turns
 25601 | Gauntlet | Identified the +1 morningstar "Jiam" {antimagic, Dex+2}
 25620 | Gauntlet | Got a bloodstained scale mail
 25646 | Gauntlet | Identified the +1 scale mail of Atheism {rN+} (You found it
                  | in a Gauntlet)
 25769 | D:15     | Found a snail-covered altar of Cheibriados.
 25845 | D:15     | Received a gift from Okawaru
 26009 | D:15     | Found a staircase to the Depths.
 26135 | D:15     | Received a gift from Okawaru
 26159 | D:15     | Got a bronze ring mail {god gift}
 26245 | D:15     | Learned a level 2 spell: Blink
 26399 | D:15     | Reached skill level 17 in Maces & Flails
 26845 | D:11     | Identified the +1 ring mail of Precision Catastrophes
                  | {Int-2 Dex+7} (Okawaru gifted it to you on level 15 of the
                  | Dungeon)
 27007 | Snake:1  | Entered Level 1 of the Snake Pit
 27016 | Snake:1  | Identified Roxanne's Collected Works on Changing
 27016 | Snake:1  | Noticed Roxanne
 27041 | Snake:1  | Killed Roxanne
 27137 | Snake:1  | Found Zaawyac's Antique Weapon Emporium.
 27208 | Snake:1  | Got a polished flail
 27267 | Snake:1  | Identified the +7 flail of the Poles {vorpal, Stlth+} (You
                  | found it on level 1 of the Snake Pit)
 27708 | Snake:1  | You are sucked into a shaft and drop 1 floor!
 27854 | Snake:1  | Found Ceppi's Antique Weapon Emporium.
 27856 | Snake:1  | Found Qosk's Assorted Antiques.
 27864 | Snake:1  | Bought a scroll of fog for 54 gold pieces
 28594 | Snake:2  | Got a fine silver ring
 28596 | Snake:2  | Identified the ring "Buezxus" {*Tele rF+ Int+2 Dex+2
                  | Stlth+} (You found it on level 2 of the Snake Pit)
 28652 | Snake:2  | Reached skill level 10 in Throwing
 28823 | Snake:2  | Found an iron altar of Okawaru.
 29715 | Snake:3  | Received a gift from Okawaru
 30096 | Snake:3  | Received a gift from Okawaru
 30107 | Snake:3  | Reached skill level 10 in Armour
 30263 | Snake:3  | Reached skill level 1 in Long Blades
 30284 | Snake:3  | Reached XP level 18. HP: 111/118 MP: 20/20
 30320 | Snake:4  | Entered Level 4 of the Snake Pit
 30475 | Snake:4  | Noticed Saint Roka
 30907 | Snake:4  | Killed Saint Roka
 30907 | Snake:4  | Received a gift from Okawaru
 30907 | Snake:4  | Received a gift from Okawaru
 30921 | Snake:3  | Reached skill level 15 in Fighting
 31190 | Snake:4  | Noticed Vashnia
 31650 | Snake:4  | Reached skill level 15 in Shields
 32154 | Snake:4  | Killed Vashnia
 32192 | Snake:4  | Received a gift from Okawaru
 32565 | Snake:4  | Got a pitted mace
 32566 | Snake:4  | Identified the +8 mace of Uncertain Death {venom, rN+} (You
                  | found it on level 4 of the Snake Pit)
 32839 | Snake:4  | Received a gift from Okawaru
 33102 | Snake:4  | Got a serpentine rune of Zot
 33127 | Snake:4  | Received a gift from Okawaru
 34315 | Shoals:1 | Entered Level 1 of the Shoals
 34327 | Shoals:1 | Received a gift from Okawaru
 34465 | Shoals:1 | Noticed Donald
 34489 | Shoals:1 | Killed Donald
 34508 | Shoals:1 | Reached XP level 19. HP: 77/125 MP: 7/22
 35667 | Shoals:2 | Noticed Polyphemus
 35849 | Shoals:2 | Killed Polyphemus
 36391 | Shoals:3 | Noticed Aizul
 36417 | Shoals:3 | Killed Aizul
 36766 | Shoals:3 | Noticed Mara
 36779 | Shoals:3 | Noticed Elvor's illusion
 36918 | Shoals:3 | Killed Mara
 36918 | Shoals:3 | Received a gift from Okawaru
 36918 | Shoals:3 | Reached skill level 5 in Invocations
 37284 | Shoals:4 | Entered Level 4 of the Shoals
 37522 | Shoals:4 | HP: 4/190 [alligator snapping turtle (18)]
 37530 | Shoals:4 | HP: 2/190 [alligator snapping turtle (11)]
 37530 | Shoals:4 | Slain by a merfolk

Illustrated notes

Levels and vault maps discovered:
D:1:      psy_arrival_radial02, layout_basic, minmay_split_cup_large
D:2:      layout_basic
D:3:      layout_basic, nicolae_overflow_hidden_temple, portal_sewer_entry_c,
          first_ration, uniq_terence
D:4:      layout_cave_pools, minmay_temple_entry_enclosed_plants
D:5:      layout_basic, yredelemnul_forgotten_temple_becter
D:6:      layout_loops_ring, marbit_many_paths,
          nemelex_xobeh_ov_fountains_minmay, serial_shops, shop_statue,
          moated_statue, kennysheep_generic_room_2
D:7:      layout_layer_cave
D:8:      layout_basic, nicolae_ru_sacrificial_ziggurat, lemuel_doored_altar,
          lemuel_coloured_pillars_altar, due_lair_maze_entry_diamond,
          grunt_livestock
D:9:      layout_roguey, lemuel_round_altar, david_orc_3,
          minmay_misc_feat_columns
D:10:     layout_loops_ring, xom_confusion_cloud
D:11:     wad_arrow_thing, layout_cave_pods, hangedman_weighted_door
D:12:     layout_basic, basic_altar, fedhas_bush_and_centaur_altar,
          uniq_josephine, uniq_nergalle
D:13:     layout_roguey, david_vaults_2, basic_altar
D:14:     layout_roguey [special_room_orc], nicolae_gozag_zags_fifth_avenue
D:15:     gammafunk_depths_entry_grave, layout_stronghold, serial_park_gazebo
          [serial_park_minivault_5x5_4], gauntlet_entry_generic
Temple:   minmay_temple_forest_path
Lair:1:   layout_cave_pods, minmay_stone_trees_small,
          eino_small_chamber_without_monster
Lair:2:   layout_roguey, minmay_snake_entry_guardpost_medium,
          serial_bayou_shore_b, serial_bayou_shore_a, uniq_fannar
Lair:3:   layout_loops_ring, forest_entry_grove, grunt_megastairs_4
Lair:4:   layout_cave_shapes, elwin_shoals_entry_rooms,
          grunt_forest_large_clearings, lemuel_fruit_fields
Lair:5:   layout_roguey, slime_altar_1, lemuel_fruit_fields, grunt_megastairs_1
Lair:6:   gammafunk_lair_ancient_temple, layout_gridlike
Shoals:1: layout_shoals, uniq_donald
Shoals:2: layout_shoals, nicolae_shoals_square_sea_wall, uniq_polyphemus
Shoals:3: layout_shoals, nicolae_shoals_wave_tunnel, uniq_mara, uniq_aizul
Shoals:4: shoals_end_grunt_ice, layout_shoals
Snake:1:  layout_layer_cave, drop_trap, minmay_shop_star, uniq_roxanne
Snake:2:  layout_layer_cave, basic_altar
Snake:3:  layout_rooms, guppyfry_library_mini
Snake:4:  snake_pit, layout_concentric_octagons, uniq_vashnia, uniq_saint_roka
Orc:1:    layout_caves, serial_shops, shop_fountains, kennysheep_orc_chapel,
          uniq_harold
Orc:2:    kennysheep_orc_mage_school, layout_diamond_mine, special_room,
          portal_ice_cave_demonic_guard, serial_shops, shop, uniq_maurice,
          uniq_snorg, uniq_jorgrun

Skill      XL: |  1  2  3  4  5  6  7  8  9 10 11 12 13 14 15 16 17 18 19 |
---------------+----------------------------------------------------------+-----
Shields        | 4 5 6 7 8 9 10 12 13 14 15 16 | 16.8
Maces & Flails | 3 4 6 8 10 12 14 15 16 17 | 17.8
Armour         | 4 5 6 7 8 9 10 | 10.8
Throwing       | 1 2 3 4 5 6 7 8 9 10 11 | 11.8
Fighting       | 4 5 6 7 8 10 12 13 14 15 16 | 16.7
Invocations    | 1 2 3 4 5 |  5.2
Stealth        | 1 |  1.1
Dodging        | 1 2 3 6 7 8 |  8.3
Long Blades    | 1 |  1.0

Action                   |  1- 3 |  4- 6 |  7- 9 | 10-12 | 13-15 | 16-18 | 19-21 || total
-------------------------+-------+-------+-------+-------+-------+-------+-------++-------
Melee: Flail             |   192 |   284 |       |       |       |   858 |   611 ||  1945
       Morningstar       |       |    24 |   312 |   764 |  1343 |   694 |       ||  3137
       Scimitar          |       |       |       |       |       |    10 |       ||    10
Throw: Boomerang         |       |    18 |    21 |    29 |   130 |   318 |   178 ||   694
       Dart              |       |     4 |    36 |   111 |   139 |    21 |       ||   311
Invok: Heroism           |       |       |       |     8 |    15 |    18 |     6 ||    47
       Finesse           |       |       |       |     2 |     3 |     8 |     6 ||    19
 Abil: Fly               |       |       |       |       |     2 |       |       ||     2
       Stop Flying       |       |       |       |       |     1 |       |       ||     1
Evoke: Wand              |       |       |       |       |     1 |     1 |       ||     2
  Use: Scroll            |       |       |    12 |     7 |    13 |    12 |     1 ||    45
       Potion            |       |       |       |       |     2 |     5 |     3 ||    10
 Stab: Paralysed         |       |       |       |       |     3 |       |       ||     3
  Eat: Chunk             |     1 |     7 |    11 |    13 |    22 |     4 |     6 ||    64
       Ration            |       |     1 |       |     2 |     3 |    10 |     1 ||    17
Armor: Plate armour      |   169 |   316 |   201 |   445 |   114 |       |       ||  1245
       Quicksilver drago |       |       |       |       |   403 |     2 |       ||   405
       Scale mail        |       |       |       |       |       |   497 |   220 ||   717
       Skin              |       |       |       |       |       |       |    48 ||    48
Dodge: Dodged            |    36 |    68 |    44 |   113 |   605 |   658 |   316 ||  1840
Block: Kite shield       |   123 |   229 |   157 |   380 |   882 |  1068 |   492 ||  3331
       Rpst.: Scimitar   |       |       |       |       |       |     3 |       ||     3
